 Dungeon Crawl Stone Soup version 0.24.0-13-gcf9b319 (webtiles) character file.

Game seed: 7218224650613925755, levelgen mode: deterministic

178 Benana2222 the Skirmisher (level 5, -6/42 HPs)
             Began as a Demonspawn Fighter on Dec 12, 2019.
             Was a Believer of Uskayaw.
             Mangled by FTG82's ghost (12 damage)
             ... on level 3 of the Dungeon.
             The game lasted 00:08:30 (2000 turns).

Benana2222 the Skirmisher (Demonspawn Fighter)      Turns: 2000, Time: 00:08:31

Health: -6/42      AC: 12    Str: 17    XL:     5   Next: 32%
Magic:  1/6        EV:  7    Int:  9    God:    Uskayaw [**....]
Gold:   108        SH: 10    Dex: 13    Spells: 4/4 levels left

rFire    . . .     SeeInvis .   a - +0 long sword
rCold    . . .     Gourm    .   c - +1 shield
rNeg     . . .     Faith    .   b - +0 scale mail
rPois    .         Spirit   .   (no helmet)
rElec    .         Reflect  .   (no cloak)
rCorr    .         Harm     .   k - +2 pair of gloves
MR       .....                  (no boots)
Stlth    ..........             (no amulet)
HPRegen  0.14/turn              (no ring)
MPRegen  0.10/turn              (no ring)

@: no status effects
A: talons 1, yellow scales 1, foul stench 1, rot immunity
a: Stomp, Line Pass, Renounce Religion


You were on level 3 of the Dungeon.
You worshipped Uskayaw.
Uskayaw was noncommittal.
You were very hungry.

You visited 1 branch of the dungeon, and saw 3 of its levels.

You collected 108 gold pieces.

Inventory:

Hand Weapons
 a - a +0 long sword (weapon)
Armour
 b - a +0 scale mail (worn)
 c - a +1 shield (worn)
 k - a +2 pair of gloves (worn)
Scrolls
 e - 3 scrolls of remove curse
 g - a scroll of magic mapping
 h - 3 scrolls of identify
 i - a scroll of immolation
 m - a scroll of teleportation {unknown}
Potions
 d - 2 potions of might
 j - a potion of magic
 l - a potion of haste {unknown}
 n - a potion of agility
 o - a potion of degeneration {unknown}
Comestibles
 f - 5 rations


   Skills:
 + Level 3.9 Fighting
 + Level 2.8 Long Blades
 + Level 3.4 Armour
 + Level 3.4 Shields
 + Level 2.1 Invocations


You had 4 spell levels left.
You didn't know any spells.
Your spell library was empty.

Dungeon Overview and Level Annotations

Branches:
Dungeon (3/15)

Altars:
Fedhas
Uskayaw
Yredelemnul
Zin

Annotations:
D:3 1 transporter, FTG82's ghost, amateur GnFi


Innate Abilities, Weirdness & Mutations

You have sharp toenails.
You are partially covered in yellow scales. (AC +2)
You may emit foul miasma when damaged in melee.
You are immune to rotting.


Message History

The centaur skeleton is almost destroyed.
FTG82's ghost hits you but does no damage.
You block the centaur skeleton's attack.
You hit the centaur skeleton but do no damage.
The centaur skeleton is almost destroyed.
The centaur skeleton barely misses you.
You riposte.
You slash the centaur skeleton!
You destroy the centaur skeleton!
Your Invocations skill increases to level 2!
FTG82's ghost hits you but does no damage.
You hit FTG82's ghost but do no damage.
You claw FTG82's ghost, but do no damage.
FTG82's ghost is lightly damaged.
FTG82's ghost hits you!
You hit FTG82's ghost but do no damage. Your kick misses FTG82's ghost.
FTG82's ghost is lightly damaged.
FTG82's ghost hits you!
* * * LOW HITPOINT WARNING * * *
FTG82's ghost hits you!
You die...

#........########..# #..
#...............#..# ##..
#.#############.#..###...
#.#..........©#....##....
#)#...........#..........
#.#..###%###..#..#.#.....
##†#..#8#.#8#..#.##.#.#...
##..#...?.W....$#.)..#.##.#
#..©#...".@....$#©.........
#...#..........$#..###.##..
#.#.#..#8#.#8#..#..........
#.#.#..###.###..#.####.###.
#.#.#...........#.# #..##.
..#.#...........#.# ##.##.
###.#############.# #.##.
#...............#####.##.
####..####.####.#........


You could see FTG82's ghost.

Vanquished Creatures
  A bullfrog zombie (D:3)
  A centaur skeleton (D:3)
  4 gnolls (D:3)
  3 adders (D:2)
  A worm (D:2)
  2 dart slugs (D:2)
  A leopard gecko (D:1)
  A ball python (D:2)
  3 bats (D:1)
  3 giant cockroaches
  6 goblins
  5 hobgoblins
  5 jackals (D:1)
  6 kobolds
  A ball python skeleton (D:3)
  5 frilled lizards
  A quokka skeleton (D:3)
  2 rats (D:1)
51 creatures vanquished.

Notes
Turn   | Place    | Note
-------+----------+-------------------------------------------
     0 | D:1      | Benana2222 the Demonspawn Fighter began the quest for the
                  | Orb.
     0 | D:1      | Reached XP level 1. HP: 18/18 MP: 1/1
    87 | D:1      | Gained mutation: You have sharp toenails. [demonic
                  | ancestry]
    87 | D:1      | Reached XP level 2. HP: 15/24 MP: 2/2
   860 | D:2      | Gained mutation: You are partially covered in yellow
                  | scales. (AC +2) [demonic ancestry]
   860 | D:2      | Reached XP level 3. HP: 29/29 MP: 3/3
   864 | D:2      | Found a faded altar of an unknown god.
   887 | D:2      | Became a worshipper of Uskayaw the Reveler
   887 | D:2      | Reached * piety under Uskayaw
  1334 | D:2      | Reached ** piety under Uskayaw
  1338 | D:2      | Reached *** piety under Uskayaw
  1351 | D:2      | Reached skill level 1 in Invocations
  1351 | D:2      | Gained mutation: You are immune to rotting. [demonic
                  | ancestry]
  1351 | D:2      | Reached XP level 4. HP: 32/36 MP: 4/4
  1498 | D:3      | Found a transporter.
  1511 | D:3      | Found a blossoming altar of Fedhas.
  1514 | D:3      | Found a glowing silver altar of Zin.
  1516 | D:3      | Found a basalt altar of Yredelemnul.
  1615 | D:3      | Reached **** piety under Uskayaw
  1935 | D:3      | Found a transporter.
  1936 | D:3      | Noticed FTG82's ghost (amateur GnFi)
  1995 | D:3      | Gained mutation: You may emit foul miasma when damaged in
                  | melee. [demonic ancestry]
  1995 | D:3      | Reached XP level 5. HP: 31/42 MP: 1/6
  2000 | D:3      | Mangled by FTG82's ghost

Levels and vault maps discovered:
D:1:      dpeg_arrival_oval, layout_basic, roderic_malta_cross,
          minmay_pentomino_o2
D:2:      layout_loops_cross, first_ration, chequers_ecumenical_altar_island
D:3:      layout_loops_ring, grunt_temple_overflow_open,
          gammafunk_ghost_mausoleum, kennysheep_cross_bottleneck,
          nemelex_spade_bored_becter

Skill      XL: |  1  2  3  4  5 |
---------------+----------------+-----
Long Blades    | 2 |  2.8
Armour         | 3 |  3.4
Shields        | 3 |  3.4
Invocations    | 1 2 |  2.1
Fighting       | |  3.9

Action                   |  1- 3 |  4- 6 || total
-------------------------+-------+-------++-------
Melee: Long sword        |   114 |    44 ||   158
       Kick              |    25 |    16 ||    41
Invok: Line Pass         |       |     1 ||     1
  Use: Scroll            |     7 |       ||     7
       Potion            |     2 |     3 ||     5
 Stab: Confused          |       |     1 ||     1
       Paralysed         |       |     1 ||     1
  Eat: Chunk             |     2 |     1 ||     3
Armor: Scale mail        |    56 |    25 ||    81
Dodge: Dodged            |    42 |    17 ||    59
Block: Shield            |    57 |    31 ||    88
       Rpst.: Long sword |    16 |     8 ||    24
